 Dungeon Crawl Stone Soup version 0.29.0-13-gc9e81de378 (webtiles) character file.

Game seed: 10744139724697905185

8 Artool the Cudgeller (level 2, 22/22 HPs)
             Began as a Demonspawn Gladiator on Sept 8, 2022.
             Quit the game on level 1 of the Dungeon.
             The game lasted 00:00:28 (381 turns).

Artool the Cudgeller (Demonspawn Gladiator)          Turns: 381, Time: 00:00:28

Health: 22/22      AC:  3    Str: 14    XL:     2   Next: 0%
Magic:  2/2        EV: 12    Int:  9    God:
Gold:   57         SH:  0    Dex: 14    Spells: 1/1 levels left

rFire   . . .      SeeInvis .   a - +0 flail
rCold   . . .      Faith    .   (no shield)
rNeg    . . .      Spirit   .   b - +0 leather armour
rPois   .          Reflect  .   (helmet restricted)
rElec   .          Harm     .   (no cloak)
rCorr   .          Rampage  .   (no gloves)
Will    .....                   (no boots)
Stlth   +.........              (no amulet)
HPRegen 0.07/turn               (no ring)
MPRegen 0.08/turn               (no ring)

@: no status effects
A: horns 1
a: no special abilities


You were on level 1 of the Dungeon.
You visited 1 branch of the dungeon, and saw 1 of its levels.

You collected 57 gold pieces.

Inventory:

Hand Weapons
 a - a +0 flail (weapon)
Missiles
 d - 3 throwing nets (quivered)
 e - a javelin
Armour
 b - a +0 leather armour (worn)
 c - a +0 helmet
Jewellery
 f - a ring of see invisible
Scrolls
 g - a scroll of vulnerability {unknown}
 i - a scroll of immolation {unknown}
 j - a scroll of amnesia {unknown}
 k - a scroll of identify {unknown}
Potions
 h - a potion of flight {unknown}


   Skills:
 + Level 2.2 Fighting
 + Level 2.8 Maces & Flails
 - Level 1.7 Throwing
 + Level 0.5 Armour
 + Level 2.8 Dodging


You had one spell level left.
You didn't know any spells.
Your spell library contained the following spells:

 Spells                   Type           Power      Damage    Failure   Level
 Call Canine Familiar     Summ           0%         N/A       83%         3
 Portal Projectile        Hex/Tloc       0%         N/A       83%         3
 Tukima's Dance           Hex            0%         N/A       83%         3
 Leda's Liquefaction      Hex/Erth       0%         N/A       99%         4
 Blade Hands              Tmut           0%         N/A       100%        5


Dungeon Overview and Level Annotations

Branches:
Dungeon (1/15)

Altars:


Innate Abilities, Weirdness & Mutations

You have a pair of small horns on your head.


Message History

No target in view!
No target in view!
A bat comes into view.
You see here 14 gold pieces.
The bat hits you but does no damage.
A bat is nearby!
You closely miss the bat. The bat closely misses you.
A bat is nearby!
The bat hits you but does no damage.
You hit the bat.
The bat is moderately wounded.
The bat misses you. The bat hits you but does no damage. x2
The bat hits you but does no damage. The bat barely misses you.
You miss the bat.
The bat is moderately wounded.
The bat hits you.
A bat comes into view.
The bat barely misses you. The bat barely misses you.
The bat hits you but does no damage. The bat closely misses you.
You sock the bat!
You kill the bat!
The bat hits you but does no damage. The bat closely misses you.
You sock the bat!
You kill the bat!
You now have 57 gold pieces (gained 14).
An endoplasm comes into view.
The endoplasm quivers.
An endoplasm is nearby!
An endoplasm is nearby!
The endoplasm closely misses you.
An endoplasm is nearby!
You sock the endoplasm!
You kill the endoplasm!
You have reached level 2!
Your demonic ancestry asserts itself...
A pair of horns grows on your head!
Your +0 helmet falls away!
Are you sure you want to abandon this character and quit the game? (Confirm with "yes".)

# #.# # #.#
# #.# ###
#.#########
..#
#.........#
#.##########
###.#.###..
...........#
#.#.#
...#######.#
##...##
...#### #.#
#!@...#
......####.#
#.....#
##.#.......#
#.........
.#.........#
##...#####
..####.###.#
..### ...#
#.# #.# ###
..## #.# #.#
...# #.# #.#
..## #.# #.#


There were no monsters in sight!

Vanquished Creatures
  2 endoplasms (D:1)
  A goblin (D:1)
  A ball python (D:1)
  3 bats (D:1)
  2 rats (D:1)
9 creatures vanquished.

Notes
Turn   | Place    | Note
-------+----------+-------------------------------------------
     0 | D:1      | Artool the Demonspawn Gladiator began the quest for the
                  | Orb.
     0 | D:1      | Reached XP level 1. HP: 16/16 MP: 1/1
   381 | D:1      | Gained mutation: You have a pair of small horns on your
                  | head. [demonic ancestry]
   381 | D:1      | Reached XP level 2. HP: 22/22 MP: 2/2
   381 | D:1      | Quit the game

Illustrated notes

Levels and vault maps discovered:
D:1:      co_arrival_square_in_a_square_in_a_square, layout_loops_ring

Action                   || total
-------------------------++-------
Melee: Flail             ||    21
Armor: Leather armour    ||    13
Dodge: Dodged            ||    17
